 Dungeon Crawl Stone Soup version 0.29.1-15-g9cfb28693d (webtiles) character file.

Game seed: 9622093812081292631

101583 javelincjr the Nimble (level 16, -4/108 HPs)
             Began as a Djinni Conjurer on Feb 28, 2023.
             Was the Champion of Hepliaklqana.
             Killed from afar by an eleionoma (11 damage)
             ... with a spray of wooden splinters
             ... on level 3 of the Swamp on Mar 2, 2023.
             The game lasted 01:57:21 (17489 turns).

javelincjr the Nimble (Djinni Conjurer)            Turns: 17489, Time: 01:57:21

Health: -4/108     AC: 17    Str: 13    XL:     16   Next: 83%
Gold:   2165       EV: 21    Int: 28    God:    Hepliaklqana [******] SH:  4 Dex: 13

rFire   + + .      SeeInvis +   v - +12 hand axe "Useduc" {flame, rPois rC+ Stlth+}
rCold   . . .      Faith    .   Z - +0 buckler
rNeg    . . .      Spirit   .   W - +4 troll leather armour
rPois   ∞          Reflect  .   M - +3 hat of Pondering {ponderous, Will+ MP+10 Int+5}
rElec   .          Harm     .   E - +0 cloak
rCorr   .          Rampage  .   Q - +1 pair of gloves {Str+3}
Will    +++..                   (boots unavailable)
Stlth   ++++++....              g - amulet of regeneration
HPRegen 1.88/turn               c - ring of wizardry
MPRegen 0.00/turn               h - +4 ring of evasion

@: flying, slow
A: reduced essence, sickness immunity, fire resistance 2, cold vulnerability 1,
float, innate caster, HP casting, extra vitality 1, beak, see invisible,
strong-willed 1
a: Renounce Religion, Recall Ancestor, Ancestor Identity, Transference, Idealise


You were on level 3 of the Swamp.
You worshipped Hepliaklqana.
Hepliaklqana was exalted by your worship.
You visited 4 branches of the dungeon, and saw 24 of its levels.
You also visited: Sewer, Bailey and Ice Cave.

You collected 2165 gold pieces.

Inventory:

Hand Weapons
 m - a +4 whip of venom
 v - the +12 hand axe "Useduc" (weapon) {flame, rPois rC+ Stlth+}
   (You found it on level 2 of the Lair of Beasts)

   It burns those it strikes, dealing additional fire damage.
   Big, fiery blades are also staple armaments of hydra-hunters.
   rC:        It protects you from cold.
   rPois:     It protects you from poison.
   Stlth:     It makes you more stealthy.
 S - the +7 whip of Rail {antimagic, Will+ Int+2 Stlth+}
   (You found it in an ice cave)

   It reduces the magical energy of the wielder, and disrupts the spells and
   magical abilities of those it strikes.
   Natural abilities and divine invocations are not affected.
   Int:       It affects your intelligence (+2).
   Will:      It increases your willpower.
   Stlth:     It makes you more stealthy.
 Y - the +8 frozen axe "Frostbite" {freezing cloud, *Noise Fly rC+}
   (You found it in an ice cave)

   It freezes those it strikes, dealing additional cold damage.
   It can also slow down cold-blooded creatures.
   It occasionally leaves clouds of freezing vapour upon striking a foe.
   It grants immunity to clouds of freezing vapour.
   rC:        It protects you from cold.
   Fly:       It grants you flight.
   *Noise:    It may make noises in combat.
Missiles
 P - 15 curare-tipped darts
 R - 7 datura-tipped darts
Armour
 E - a +0 cloak (worn)
 M - the +3 hat of Pondering (worn) {ponderous, Will+ MP+10 Int+5}
   (You took it off Gastronok on level 11 of the Dungeon)

   Int:       It affects your intelligence (+5).
   MP:        It affects your magic capacity (+10).
   Will:      It increases your willpower.
 Q - a +1 pair of gloves of strength (worn)
 W - a +4 troll leather armour (worn)
 Z - a +0 buckler (worn)
Magical Staves
 A - a staff of earth
Jewellery
 c - a ring of wizardry (left hand)
 f - an amulet of reflection
 g - an amulet of regeneration (around neck)
 h - a +4 ring of evasion (right hand)
 n - the ring "Ripijetz" {Fire Dex+3 SInv}
   (You found it on level 5 of the Lair of Beasts)

   [ring of fire]

   It enhances your fire magic.
   Dex:       It affects your dexterity (+3).
   rF:        It protects you from fire.
   rC:        It makes you vulnerable to cold.
   SInv:      It lets you see invisible.
 u - a +6 ring of dexterity
Wands
 j - a wand of roots (20)
 y - a wand of polymorph (6)
 C - a wand of quicksilver (30)
 I - a wand of mindburst (1)
 L - a wand of flame (39)
 V - a wand of paralysis (19)
 X - a wand of digging (6)
Scrolls
 a - a scroll of fear
 e - a scroll of brand weapon
 l - a scroll of blinking
 o - 3 scrolls of poison
 q - 4 scrolls of enchant weapon
 w - 5 scrolls of fog
 x - 6 scrolls of teleportation
 J - 2 scrolls of magic mapping
 K - a scroll of silence
 O - a scroll of summoning
Potions
 b - 9 potions of brilliance
 i - 2 potions of ambrosia
 k - 4 potions of lignification
 p - 4 potions of might
 r - 4 potions of mutation
 s - 7 potions of haste
 z - 5 potions of invisibility {unknown}
 B - 7 potions of curing
 D - 4 potions of heal wounds {unknown}
 G - 4 potions of resistance {unknown}
 H - 4 potions of berserk rage
 T - 2 potions of magic {unknown}
 U - 6 potions of cancellation
Miscellaneous
 t - a phial of floods
 F - a box of beasts
 N - a phantom mirror


   Skills:
 * Level 12.4 Fighting
 + Level 1.4 Axes
 - Level 12.0 Armour
 - Level 14.7 Dodging
 - Level 12.5 Stealth
 + Level 1.8 Shields
 * Level 11.2 Spellcasting
 + Level 1.9 Evocations


You couldn't memorise any spells.
You knew the following spells:

 Your Spells              Type           Power      Damage    Failure   Level
a - Magic Dart            Conj           100%       1d8       1%          1
b - Searing Ray           Conj           100%       2d8       1%          2
c - Dazzling Flash        Conj/Hex       100%       N/A       1%          3
d - Fulminant Prism       Conj/Hex       34%        3d16      1%          4
e - Iskenderun's Mystic   Conj/Tloc      68%        2d14      1%          4
f - Beastly Appendage     Tmut           100%       N/A       1%          1
g - Static Discharge      Conj/Air       68%        3-12/arc  1%          2
h - Stone Arrow           Conj/Erth      100%       3d13      1%          3
i - Anguish               Hex/Necr       34%        N/A       1%          4
j - Lightning Bolt        Conj/Air       34%        1d51      1%          5
k - Borgnjor's Vile Clut  Necr/Erth      34%        N/A       1%          5
l - Summon Cactus Giant   Summ           34%        N/A       3%          6
Your spell library was empty.

Dungeon Overview and Level Annotations

Branches:
Dungeon (15/15)            Temple (1/1) D:6            Lair (5/5) D:11
  Swamp (3/4) Lair:3       Spider (0/4) Lair:2        Slime (0/5) Lair:4
    Orc (0/2) D:11         Vaults (0/5) D:13         Depths (0/4) D:15
  Sewer (visited)          Bailey (visited)           IceCv (visited)

Altars:
Ashenzari
Cheibriados
Dithmenos
Elyvilon
Fedhas
Gozag
Hepliaklqana
Makhleb
Nemelex Xobeh
Okawaru
Qazlal
Ru
Trog
Uskayaw
Wu Jian
Xom
Yredelemnul
Zin
The Shining One
Jiyva

Shops:
D:2 =[   D:5 :   D:13 =


Innate Abilities, Weirdness & Mutations

Your life essence is reduced to manifest your ancestor. (-10% HP)
You are immune to sickness and miasma.
You are immune to poison.
Your flesh is very heat resistant. (rF++)
You are vulnerable to cold. (rC-)
You float through the air rather than walking.
You learn spells naturally, not from books.
Your magical power is your life essence.
You have superior vitality. (+4 MHP)
You have a beak for a mouth.
You have supernaturally acute eyesight. (SInv)
You are strong-willed. (Will+)


Message History

You erupt in a blast of force!
The mystic blast hits the bunyip!!
The bunyip is heavily wounded.
The bunyip is knocked back by the mystic blast.
The mystic blast hits the alligator!!
The alligator is almost dead.
The alligator is knocked back by the mystic blast.
The mystic blast hits the will-o-the-wisp.
The will-o-the-wisp is lightly damaged.
The will-o-the-wisp is knocked back by the mystic blast.
The foxfire hits you. You resist. The foxfire hits you. You resist.
The bunyip attacks as you move away! The bunyip claws you! x2
The bunyip claws you.
* * * LOW HITPOINT WARNING * * *
Casting: Iskenderun's Mystic Blast (safe; 1% risk of failure)
Confirm with . or Enter, or press ? or * to list all spells.
You erupt in a blast of force!
The mystic blast hits the bunyip!
The bunyip is severely wounded.
The bunyip is knocked back by the mystic blast.
The mystic blast hits the will-o-the-wisp.
The will-o-the-wisp is lightly damaged.
The will-o-the-wisp is knocked back by the mystic blast.
The mystic blast hits the alligator!!
You kill the alligator!
* * * LOW HITPOINT WARNING * * *
You hear a roar!
The eleionoma hurls a spray of splinters at you.
The spray of wooden splinters hits you!!
* * * LOW HITPOINT WARNING * * *
Found a stone staircase leading up.
The will-o-the-wisp gestures.
The will-o-the-wisp conjures some foxfire!
The eleionoma flows through the trees.
A four-headed hydra comes into view. 2 foxfires come into view.
You feel better. The foxfire hits you. You resist.
* * * LOW HITPOINT WARNING * * *
The will-o-the-wisp blinks!
The eleionoma hurls a spray of splinters at you.
The spray of wooden splinters hits you!
You die...

.. ~~~~~~~~~~ §§~
~~~§D~~~~♣♣ ~~..
...~~~~~~♣ ~~.~♣
♣..~~~~.♣
....~♣♣.~~~§.♣♣♣
~.~~~>R.~~§§§~..
.~~~~.v~†v~§♣
<~~~..<@§~§§♣♣
~.§~!~§.~~~~.♣♣♣♣♣
~......~~.x§~~...♣
....~~~~~~...~♣~.♣
~~♣.~~~~~..~~.♣♣♣♣
♣ ♣.~~~~...~~~~♣
.~~~~~~~.~~~~~♣
..~~~~~.~~~~~~<~
..~~§~.~~§~~~.~~


You could see a bunyip, an eleionoma, a four-headed hydra and a will-o-the-wisp.

Vanquished Creatures
  Jorgrun (D:12)
  An emperor scorpion (D:15)
  Louise (Swamp:2)
  A quicksilver ooze (shapeshifter) (D:15)
  2 eleionomae
  2 bunyips
  Josephine (Lair:4)
  7 vault guards (D:13)
  5 hydras
  Erolcha (D:9)
  2 boulder beetles
  Erica (Lair:1)
  4 two-headed ogres
  A ghost crab (Swamp:1)
  An ironbound frostheart (IceCv)
  A merfolk avatar (Lair:5)
  A centaur warrior (D:13)
  The ghost of jtron the Fighter, a novice DrWn of Yredelemnul (D:9)
  4 alligators
  A death knight (D:14)
  2 tengu warriors (D:14)
  5 death yaks (IceCv)
  A sea snake (Lair:5)
  3 goliath frogs
  A spriggan druid (Swamp:2)
  2 swamp dragons (Swamp:2)
  An orc knight (Bailey)
  A deep elf pyromancer (D:12)
  9 ugly things (D:14)
  2 cyclopes
  A will-o-the-wisp (Swamp:2)
  2 manticores
  A black mamba (Lair:3)
  An ice statue (IceCv)
  2 gargoyles (D:13)
  12 cane toads
  10 komodo dragons
  An efreet (D:14)
  A komodo dragon (shapeshifter) (D:15)
  2 kobold demonologists (D:11)
  6 rime drakes
  2 freezing wraiths (D:14)
  2 tengu conjurers
  9 polar bears
  7 trolls
  A bloated husk (Swamp:2)
  A merfolk (D:15)
  A wind drake (Lair:5)
  3 hornets
  18 blink frogs
  4 dream sheep
  2 tyrant leeches
  7 slime creatures
  3 snapping turtles (Lair:5)
  A spriggan (Swamp:1)
  A vampire (D:13)
  2 shadows
  4 wraiths
  2 basilisks
  2 wyverns
  52 yaks
  3 steam dragons
  A warg (D:11)
  An acid dragon (D:11)
  3 swamp worms
  6 water moccasins
  A swamp drake (Swamp:2)
  A black bear (shapeshifter) (D:14)
  2 ice beasts (D:6)
  A sky beast (D:8)
  Pargi (Sewer)
  9 orc warriors
  2 ogres
  4 black bears
  27 wolves
  A centaur (D:10)
  2 phantoms
  8 kobold brigands
  7 bullfrogs
  2 necrophages
  3 scorpions
  14 wights
  12 killer bees
  An electric eel (Lair:1)
  2 howler monkeys (D:10)
  3 jellies (Lair:4)
  6 hounds
  3 orc priests
  7 iguanas
  6 orc wizards
  A boggart simulacrum (D:15)
  8 gnolls
  10 adders
  2 river rats (D:6)
  3 white imps
  An ufetubus (D:5)
  2 worms
  9 dart slugs
  26 orcs
  4 endoplasms
  5 giant cockroaches
  9 goblins
  12 hobgoblins
  4 jackals (D:2)
  30 kobolds
  3 quokkas
  9 ball pythons
  6 bats
  2 frilled lizards
  4 rats
  6 fulminant prisms
524 creatures vanquished.

Vanquished Creatures (collateral kills)
  Gastronok (D:11)
  Aizul (Lair:3)
  2 hydras
  An alligator (Swamp:1)
  An ironbound frostheart (IceCv)
  A tengu warrior (D:13)
  2 goliath frogs
  A will-o-the-wisp (Swamp:2)
  2 ugly things (D:14)
  A manticore (Lair:5)
  An elephant (Lair:5)
  3 black mambas
  Maurice (D:11)
  2 torpor snails
  A gargoyle (D:13)
  2 cane toads (Lair:2)
  An unseen horror (D:12)
  A komodo dragon (Lair:1)
  2 rime drakes
  A komodo dragon (shapeshifter) (D:14)
  An efreet (D:13)
  A tyrant leech (Swamp:1)
  A polar bear (IceCv)
  3 blink frogs
  3 dream sheep (Lair:5)
  3 slime creatures
  A wraith (Lair:4)
  A wyvern (Lair:4)
  16 yaks
  A redback (Lair:2)
  2 wargs (D:11)
  3 swamp worms (Swamp:1)
  A water moccasin (Lair:3)
  An acid dragon (D:12)
  A nameless horror (Lair:3)
  5 wolves
  2 centaurs (D:13)
  3 kobold brigands (Bailey)
  4 killer bees (D:11)
  An orc priest (D:11)
  An orc (D:8)
  4 kobolds
87 creatures vanquished.

Vanquished Creatures (others)
  A bunyip (Swamp:1)
  A vault guard (D:13)
  A centaur warrior (D:13)
  3 ugly things (D:14)
  A cyclops (D:14)
  A hornet (Swamp:1)
  4 yaks
  A swamp worm (Swamp:1)
  2 centaurs
  9 knights
  3 ancestors
  A kobold (D:11)
  7 foxfires
  152 fulminant prisms
  28 fungi
  47 plants
  2 withered plants (D:9)
264 creatures vanquished.

Grand Total: 875 creatures vanquished

Notes
Turn   | Place    | Note
-------+----------+-------------------------------------------
     0 | D:1      | javelincjr the Djinni Conjurer began the quest for the Orb.
     0 | D:1      | javelincjr set off with the following spells memorised:
                  | Magic Dart, Searing Ray, Dazzling Flash, Fulminant Prism,
                  | Iskenderun's Mystic Blast.
     0 | D:1      | Reached XP level 1. HP: 15/15 MP: 0/0
   349 | D:1      | Reached XP level 2. HP: 18/21 MP: 0/0
   611 | D:1      | You are sucked into a shaft and drop 1 floor!
   683 | D:2      | Found a faded altar of an unknown god.
   866 | D:2      | Reached XP level 3. HP: 21/25 MP: 0/0
   866 | D:2      | Learned a level 1 spell: Beastly Appendage
   895 | D:2      | Found Ulenn's Antique Armour Shoppe.
  1054 | D:2      | Found Uckuko's Jewellery Emporium.
  1181 | D:2      | Reached skill level 3 in Dodging
  1193 | D:2      | Reached XP level 4. HP: 31/31 MP: 0/0
  2040 | D:3      | Noticed a necrophage
  2044 | D:3      | Killed a necrophage
  2045 | D:3      | Reached XP level 5. HP: 25/35 MP: 0/0
  2045 | D:3      | Learned a level 2 spell: Static Discharge
  2221 | D:3      | Reached skill level 4 in Dodging
  2221 | D:3      | Reached XP level 6. HP: 33/40 MP: 0/0
  2806 | D:4      | Reached XP level 7. HP: 31/45 MP: 0/0
  2806 | D:4      | Learned a level 3 spell: Stone Arrow
  2869 | D:4      | Reached skill level 5 in Dodging
  3056 | D:5      | Entered Level 5 of the Dungeon
  3164 | D:5      | Reached XP level 8. HP: 46/50 MP: 0/0
  3201 | D:5      | Reached skill level 5 in Spellcasting
  3314 | D:5      | Reached skill level 6 in Dodging
  3332 | D:5      | Reached skill level 5 in Stealth
  3376 | D:5      | Found Ugrul's Book Shop.
  3648 | D:5      | Reached XP level 9. HP: 51/55 MP: 0/0
  3648 | D:5      | Learned a level 4 spell: Anguish
  3711 | D:6      | Reached skill level 7 in Dodging
  3780 | D:6      | Found a glowing drain.
  3788 | Sewer    | Entered a sewer
  3805 | Sewer    | Noticed Pargi
  3808 | Sewer    | Killed Pargi
  3979 | D:6      | Reached skill level 1 in Fighting
  3979 | D:6      | Reached skill level 1 in Armour
  4322 | D:6      | Found a staircase to the Ecumenical Temple.
  4326 | Temple   | Entered the Ecumenical Temple
  4347 | Temple   | Became a worshipper of Hepliaklqana the Forgotten
  4405 | D:6      | Identified the +5 scale mail of Faekh {Fly rElec Int-2
                  | Dex-2}
  4670 | D:7      | Reached skill level 8 in Dodging
  4670 | D:7      | Reached XP level 10. HP: 60/67 MP: 0/0
  5087 | D:7      | Reached * piety under Hepliaklqana
  5298 | D:8      | Noticed a two-headed ogre
  5306 | D:8      | Killed a two-headed ogre
  5493 | D:8      | Reached skill level 9 in Dodging
  5501 | D:8      | Reached XP level 11. HP: 42/66 MP: 0/0
  5501 | D:8      | Learned a level 5 spell: Lightning Bolt
  5599 | D:8      | Reached skill level 5 in Armour
  5602 | D:8      | Reached skill level 5 in Fighting
  6033 | D:9      | Found a bloodstained altar of Trog.
  6034 | D:9      | Found a stormy altar of Qazlal.
  6034 | D:9      | Found an opulent altar of Gozag.
  6035 | D:9      | Found a glowing golden altar of the Shining One.
  6151 | D:9      | Noticed a five-headed hydra
  6168 | D:9      | Killed a five-headed hydra
  6403 | D:9      | Found a runed translucent door.
  6434 | D:9      | Noticed jtron's ghost (novice DrWn)
  6681 | D:9      | Noticed Erolcha
  6685 | D:9      | Killed Erolcha
  6873 | D:9      | Killed jtron's ghost
  6938 | D:10     | Entered Level 10 of the Dungeon
  6957 | D:10     | Reached ** piety under Hepliaklqana
  6958 | D:10     | Remembered your ancestor Ur-Dumizida as a knight
  7111 | D:10     | Found a flagged portal.
  7120 | Bailey   | Entered a bailey
  7140 | Bailey   | Reached skill level 10 in Dodging
  7146 | Bailey   | Noticed an orc knight
  7153 | Bailey   | Killed an orc knight
  7233 | Bailey   | Found an iron altar of Okawaru.
  7286 | Bailey   | Identified the ring of Conversion {rN+ rCorr}
  7341 | D:10     | Reached XP level 12. HP: 62/75 MP: 0/0
  7816 | D:11     | Noticed Maurice
  7829 | D:11     | Killed Maurice
  7831 | D:11     | Found a staircase to the Orcish Mines.
  7883 | D:11     | Noticed Gastronok
  7908 | D:11     | Killed Gastronok
  8012 | D:11     | Noticed a two-headed ogre
  8016 | D:11     | Killed a two-headed ogre
  8029 | D:11     | Found a staircase to the Lair.
  8107 | D:11     | Noticed a soul eater
  8122 | D:11     | Noticed a two-headed ogre
  8128 | D:11     | Killed a two-headed ogre
  8295 | D:11     | Identified the +6 leather armour "Lokhinao" {rF+ rC+ rN+}
  8546 | D:12     | Reached skill level 11 in Dodging
  8671 | D:12     | Reached *** piety under Hepliaklqana
  8701 | D:12     | Noticed Jorgrun
  8717 | D:12     | Killed Jorgrun
  8718 | D:12     | Reached XP level 13. HP: 21/82 MP: 0/0
  8718 | D:12     | Learned a level 5 spell: Borgnjor's Vile Clutch
  9136 | D:13     | Found a gate to the Vaults.
  9136 | D:13     | Noticed a vault guard
  9136 | D:13     | Noticed a vault guard
  9136 | D:13     | Noticed a vault guard
  9136 | D:13     | Noticed a vault guard
  9136 | D:13     | Noticed a vault guard
  9137 | D:13     | Noticed a vault guard
  9138 | D:13     | Noticed a vault guard
  9138 | D:13     | Noticed a vault guard
  9151 | D:13     | Killed a vault guard
  9154 | D:13     | Killed a vault guard
  9159 | D:13     | Killed a vault guard
  9166 | D:13     | Killed a vault guard
  9191 | D:13     | Killed a vault guard
  9194 | D:13     | Killed a vault guard
  9194 | D:13     | Killed a vault guard
  9203 | D:13     | Killed a vault guard
  9247 | D:13     | Reached skill level 10 in Stealth
  9268 | D:13     | Noticed a five-headed hydra
  9273 | D:13     | Killed a five-headed hydra
  9381 | D:13     | Reached skill level 12 in Dodging
  9490 | D:13     | Noticed a centaur warrior
  9495 | D:13     | Killed a centaur warrior
  9526 | D:13     | Noticed a centaur warrior
  9533 | D:13     | Killed a centaur warrior
  9612 | D:13     | Found Emokysch's Jewellery Emporium.
 10190 | D:14     | Reached XP level 14. HP: 80/90 MP: 0/0
 10233 | D:14     | Reached **** piety under Hepliaklqana
 11408 | D:15     | Entered Level 15 of the Dungeon
 11755 | D:15     | Noticed an emperor scorpion
 11775 | D:15     | Killed an emperor scorpion
 11776 | D:15     | Reached skill level 10 in Fighting
 11776 | D:15     | Reached skill level 10 in Armour
 11801 | D:15     | Found a staircase to the Depths.
 11932 | D:15     | Noticed a quicksilver ooze
 11937 | D:15     | Killed a quicksilver ooze
 11941 | D:15     | Reached skill level 13 in Dodging
 11985 | D:15     | Reached ***** piety under Hepliaklqana
 12487 | Lair:1   | Entered Level 1 of the Lair of Beasts
 12714 | Lair:1   | Noticed Erica
 12723 | Lair:1   | Killed Erica
 13141 | Lair:2   | Reached skill level 10 in Spellcasting
 13188 | Lair:2   | Reached XP level 15. HP: 95/98 MP: 0/0
 13188 | Lair:2   | Learned a level 6 spell: Summon Cactus Giant
 13416 | Lair:2   | Found a hole to the Spider Nest.
 13417 | Lair:2   | Identified the +12 hand axe "Useduc" {flame, rPois rC+
                  | Stlth+}
 14119 | Lair:3   | Found a staircase to the Swamp.
 14350 | Lair:4   | Found a viscous altar of Jiyva.
 14350 | Lair:4   | Found a staircase to the Slime Pits.
 14481 | Lair:4   | Noticed Josephine
 14492 | Lair:4   | Killed Josephine
 14542 | Lair:4   | Found a frozen archway.
 14553 | IceCv    | Entered an ice cave
 15003 | IceCv    | Reached skill level 14 in Dodging
 15060 | IceCv    | Found the +8 frozen axe "Frostbite" {freezing cloud, *Noise
                  | Fly rC+}
 15071 | IceCv    | Identified the +7 whip of Rail {antimagic, Will+ Int+2
                  | Stlth+}
 15420 | Lair:4   | Reached ****** piety under Hepliaklqana
 15445 | Lair:4   | You are sucked into a shaft and drop 1 floor!
 15445 | Lair:5   | Entered Level 5 of the Lair of Beasts
 15723 | Lair:5   | Reached XP level 16. HP: 105/105 MP: 0/0
 15953 | Lair:5   | Identified the ring "Ripijetz" {Fire Dex+3 SInv}
 16259 | Lair:5   | Gained mutation: You have supernaturally acute eyesight.
                  | (SInv) [potion of mutation]
 16259 | Lair:5   | Gained mutation: You have a beak for a mouth. [potion of
                  | mutation]
 16259 | Lair:5   | Gained mutation: You are strong-willed. (Will+) [potion of
                  | mutation]
 16681 | Swamp:1  | Entered Level 1 of the Swamp
 16691 | Swamp:1  | Noticed Aizul
 16811 | Lair:3   | Killed Aizul
 17230 | Swamp:2  | Noticed Louise
 17256 | Swamp:2  | Killed Louise
 17321 | Swamp:2  | Reached skill level 1 in Shields
 17321 | Swamp:2  | Reached skill level 1 in Evocations
 17381 | Swamp:2  | Reached skill level 1 in Axes
 17460 | Swamp:2  | You are sucked into a shaft and drop 1 floor!
 17487 | Swamp:3  | HP: 3/107 [eleionoma/spray of wooden splinters (25)]
 17489 | Swamp:3  | Killed from afar by an eleionoma

Illustrated notes

Levels and vault maps discovered:
D:1:      lightli_arrival_quake, layout_loops_cross
D:2:      layout_basic, serial_shops, shop, nicolae_shop_trees,
          nicolae_ecumenical_oubliette
D:3:      layout_loops_cross, minmay_shallow_snake_nest
D:4:      layout_cave_pools, serial_glass, glass_columns_a, glass_columns_a,
          minmay_quadrilaterals
D:5:      black_bear_nest_2, layout_gridville, serial_shops, nicolae_shop_stone,
          minmay_small_thing
D:6:      layout_cave_pools, minmay_temple_entry_glassed_door,
          gup_sewer_entry_bubbles
D:7:      layout_loops_ring
D:8:      layout_basic
D:9:      layout_basic, chequers_temple_overflow_statue_of_worship,
          gammafunk_ghost_grave, kennysheep_just_a_vault, uniq_erolcha
D:10:     layout_basic, enter_bailey_2
D:11:     layout_small_grid, erik_lair_orcish_takeover, orc_0_dummy,
          uniq_gastronok, uniq_maurice
D:12:     layout_small_grid, uniq_jorgrun
D:13:     layout_loops_cross, erik_vaults_2, serial_shops, kennysheep_mini
D:14:     layout_gridville, skrybe_limestone_x
D:15:     hangedman_depths_entry_try_elsewhere_first, layout_small_grid,
          roderic_serpentine_path, nicolae_sextant, lemuel_blue_sif_altar
Temple:   nicolae_temple_no_exploring_needed
Lair:1:   layout_misc_corridors, beast_lair_carwin_9, serial_bayou_shore_a,
          uniq_erica
Lair:2:   layout_roguey, spider_nest_entry_a, minivault_27
Lair:3:   layout_misc_corridors, minmay_swamp_entry_worms, grunt_megastairs_5
Lair:4:   layout_misc_corridors, minmay_slime_entry_pillars,
          portal_ice_cave_rime, enter_volcano_4, minivault_27, uniq_josephine
Lair:5:   gammafunk_lair_ancient_temple, layout_regular_city
Swamp:1:  layout_basic_swamp, nicolae_swamp_small_spring, uniq_aizul
Swamp:2:  layout_falls_marsh, hangedman_swamp_ruin_wall, uniq_louise
Swamp:3:  layout_basic_swamp, evilmike_swamp_ruin_house_1

Skill      XL: |  1  2  3  4  5  6  7  8  9 10 11 12 13 14 15 16 |
---------------+-------------------------------------------------+-----
Stealth        | 2 3 4 5 6 7 8 9 10 11 12 | 12.5
Dodging        | 3 4 5 6 8 9 10 11 12 13 14 | 14.7
Spellcasting   | 4 5 6 7 8 9 10 11 | 11.2
Fighting       | 3 4 6 7 9 10 11 12 | 12.4
Armour         | 3 4 6 7 9 10 11 12 | 12.0
Shields        | 1 |  1.8
Evocations     | 1 |  1.9
Axes           | 1 |  1.4

Action                   |  1- 3 |  4- 6 |  7- 9 | 10-12 | 13-15 | 16-18 || total
-------------------------+-------+-------+-------+-------+-------+-------++-------
Melee: Whip              |     1 |       |       |       |       |       ||     1
       Hand axe          |       |       |       |       |    32 |    12 ||    44
       Peck              |       |       |       |       |       |     2 ||     2
 Cast: Magic Dart        |    58 |   166 |    32 |    27 |    65 |    59 ||   407
       Searing Ray       |     2 |       |       |       |       |       ||     2
       Iskenderun's Myst |       |    10 |    13 |    39 |   119 |    66 ||   247
       Fulminant Prism   |       |     4 |     5 |    62 |    85 |     3 ||   159
       Stone Arrow       |       |       |    89 |   144 |   280 |   104 ||   617
       Anguish           |       |       |       |    15 |    31 |    17 ||    63
       Lightning Bolt    |       |       |       |     9 |     9 |    14 ||    32
       Borgnjor's Vile C |       |       |       |       |     2 |       ||     2
       Summon Cactus Gia |       |       |       |       |       |     2 ||     2
Invok: Ancestor Life: Kn |       |       |       |     1 |       |       ||     1
Evoke: Box of beasts     |       |       |       |     1 |       |       ||     1
  Use: Scroll            |       |       |     8 |    10 |    10 |     5 ||    33
       Potion            |       |       |       |       |       |     2 ||     2
Armor: Robe              |     1 |       |     3 |    14 |       |       ||    18
       Troll leather arm |       |       |       |     5 |    34 |    13 ||    52
Dodge: Dodged            |    10 |    18 |    17 |    57 |    95 |    48 ||   245
Block: Buckler           |       |       |       |       |    13 |     8 ||    21
